 Dungeon Crawl Stone Soup version 0.25.1-2-g60ff931df9 (webtiles) character file.

Game seed: 14896732530430595296

49 DildoBatman the Magician (level 4, 0/30 HPs)
             Began as a Formicid Wizard on Aug 18, 2020.
             Slain by a frilled lizard (1 damage)
             ... on level 2 of the Dungeon.
             The game lasted 00:03:48 (1829 turns).

DildoBatman the Magician (Formicid Wizard)          Turns: 1829, Time: 00:03:48

Health: 0/30       AC:  2    Str: 12    XL:     4   Next: 2%
Magic:  8/8        EV: 12    Int: 18    God:
Gold:   73         SH:  0    Dex:  9    Spells: 2/9 levels left

rFire    . . .     SeeInvis +   a - +1 short sword (freeze)
rCold    . . .     Gourm    .   (no shield)
rNeg     . . .     Faith    .   j - +0 robe
rPois    .         Spirit   .   (helmet unavailable)
rElec    .         Reflect  .   (no cloak)
rCorr    +         Harm     .   (no gloves)
MR       .....                  (no boots)
Stlth    ++........             (no amulet)
HPRegen  0.10/turn              f - ring of resist corrosion
MPRegen  0.11/turn              (no ring)

@: no status effects
A: permanent stasis, dig shafts and tunnels, four strong arms, antennae 3
a: Dig, Shaft Self


You were on level 2 of the Dungeon.
You were not hungry.

You visited 1 branch of the dungeon, and saw 2 of its levels.

You collected 73 gold pieces.

Inventory:

Hand Weapons
 a - a +1 short sword of freezing (weapon)
Missiles
 b - 29 arrows
 d - 36 poisoned darts
 e - 45 stones (quivered)
Armour
 h - a +0 leather armour of positive energy
 j - a +0 robe (worn)
Jewellery
 f - a ring of resist corrosion (left hand)
Scrolls
 g - 3 scrolls of enchant weapon {unknown}
 l - 2 scrolls of blinking {unknown}
Potions
 c - a potion of degeneration {unknown}
 i - a potion of heal wounds {unknown}
 k - a potion of cancellation {unknown}
Comestibles
 m - 2 chunks of flesh
 v - 5 rations


   Skills:
 - Level 1.7 Dodging
 - Level 2.4 Stealth
 - Level 3.2 Spellcasting
 * Level 3.2 Conjurations
   Level 1.0 Summonings
   Level 0.8 Translocations


You had 2 spell levels left.
You knew the following spells:

 Your Spells              Type           Power        Failure   Level  Hunger
a - Conjure Flame         Conj/Fire      #.......     24%         3    ###....
c - Magic Dart            Conj           ##..         4%          1    None
e - Mephitic Cloud        Conj/Pois/Air  #.......     30%         3    ###....

Your spell library contained the following spells:

 Spells                   Type           Power        Failure   Level  Hunger
 Call Imp                 Summ           #.......     16%         2    ##.....
 Slow                     Hex            #.......     24%         2    ##.....
 Blink                    Tloc           Unusable     N/A         2    N/A

Dungeon Overview and Level Annotations

Branches:
Dungeon (2/15)

Altars:


Innate Abilities, Weirdness & Mutations

You cannot be hasted, slowed, berserked, paralysed or teleported.
You can dig through walls and to a lower floor.
Your four strong arms can wield two-handed weapons with a shield.
You have a pair of large antennae on your head. (SInv)


Message History

The frilled lizard bites you. What are your orders? t - Shout!
Orders for allies: a - Attack new target. r - Retreat! s - Stop attacking. g - Guard the area. f - Follow me.
Anything else - Cancel.
You shout for attention!
The hobgoblin closely misses you. The frilled lizard bites you.
What are your orders? t - Shout!
Orders for allies: a - Attack new target. r - Retreat! s - Stop attacking. g - Guard the area. f - Follow me.
Anything else - Cancel.
You shout for attention!
The hobgoblin hits you but does no damage.
The frilled lizard bites you.
You die...

##. #.. #.# ###.#
. ...# #### ..
#g###..... ..
#.@l......
#.###..##.....
..... #.....# ###
#...#
####.#..####
#...#
#..........#
#...#
.......#..#.#
#...# #
##.#...#..#.#
#...# #
...#......#.####
#...# #
.#..............#
#...# #


You could see a hobgoblin and a frilled lizard.

Vanquished Creatures
  A dart slug (D:1)
  2 leopard geckos
  A ball python (D:2)
  2 giant cockroaches
  6 goblins
  7 hobgoblins
  3 jackals (D:1)
  3 bats
  3 frilled lizards
  9 kobolds
  4 rats
41 creatures vanquished.

Notes
Turn   | Place    | Note
-------+----------+-------------------------------------------
     0 | D:1      | DildoBatman the Formicid Wizard began the quest for the
                  | Orb.
     0 | D:1      | Reached XP level 1. HP: 13/13 MP: 4/4
    23 | D:1      | Reached skill level 1 in Conjurations
   242 | D:1      | Reached XP level 2. HP: 11/19 MP: 3/6
   543 | D:1      | Reached XP level 3. HP: 24/24 MP: 2/7
   548 | D:1      | Learned a level 3 spell: Conjure Flame
   552 | D:1      | Learned a level 3 spell: Mephitic Cloud
  1676 | D:2      | Reached XP level 4. HP: 30/30 MP: 5/8
  1828 | D:2      | HP: 1/30 [frilled lizard (2)]
  1829 | D:2      | Slain by a frilled lizard

Illustrated notes

Levels and vault maps discovered:
D:1:      dpeg_arrival_tiny_g, layout_basic
D:2:      layout_loops_cross, minmay_3d_cube

Skill      XL: |  1  2  3 |
---------------+----------+-----
Conjurations   | 1 2 3 |  3.2
Dodging        | |  1.7
Stealth        | |  2.4
Spellcasting   | |  3.2
Summonings     | |  1.0
Translocations | |  0.8

Action                   |  1- 3 |  4- 6 || total
-------------------------+-------+-------++-------
Melee: Club              |     7 |       ||     7
       Short sword       |    16 |       ||    16
Throw: Stone             |    10 |       ||    10
 Cast: Magic Dart        |    79 |     5 ||    84
 Abil: Dig               |     4 |       ||     4
  Eat: Chunk             |     3 |       ||     3
Armor: Robe              |     2 |     4 ||     6
Dodge: Dodged            |    23 |    28 ||    51
